 Dungeon Crawl Stone Soup version 0.21-a0-504-g2eda330 (webtiles) character file.

37487 Roak the Prestidigitator (level 13, -19/101 HPs)
             Began as a Gnoll Artificer on Nov 26, 2017.
             Was the Champion of Nemelex Xobeh.
             Demolished by an ettin
             ... wielding a +0 dire flail
              (30 damage)
             ... on level 2 of the Orcish Mines.
             The game lasted 02:59:15 (20186 turns).

Roak the Prestidigitator (Gnoll Artificer)         Turns: 20186, Time: 02:59:16

Health: -19/101    AC: 27    Str: 30    XL:     13   Next: 97%
Magic:  25/25      EV: 15    Int: 17    God:    Nemelex Xobeh [******]
Gold:   1832       SH:  0    Dex: 17    Spells: 13/29 levels left

rFire    . . .     SeeInvis .   e - +2 trident (flame)
rCold    . . .     Gourm    .   (no shield)
rNeg     . . .     Faith    .   Z - +8 chain mail "Onwuotyi" {-Cast MR+ Str+7 Int+4}
rPois    .         Spirit   .   J - +0 helmet
rElec    .         Reflect  .   V - +1 cloak
rCorr    .         Harm     .   F - +2 pair of gloves
MR       ++...     NoCast   +   z - +0 pair of boots
Stlth    +.........             (no amulet)
HPRegen  0.26/turn              I - +4 ring of strength
MPRegen  0.19/turn              G - ring of protection from magic

@: no status effects
A: distributed training, fangs 1, strong nose
a: Triple Draw, Deal Four, Stack Five, Renounce Religion


You were on level 2 of the Orcish Mines.
You worshipped Nemelex Xobeh.
Nemelex Xobeh was exalted by your worship.
You were not hungry.

You visited 4 branches of the dungeon, and saw 20 of its levels.

You collected 1913 gold pieces.
You spent 81 gold pieces at shops.

Inventory:

Hand Weapons
 a - a +3 spear of venom
 b - a +2 antimagic trident
 e - a +2 trident of flaming (weapon)
 q - the +6 war axe of Ginoop Koyl {holy, *Rage MR+ Dex+9}
   (You found it on level 1 of the Lair of Beasts)

   It has been blessed by the Shining One to cause great damage to the undead
   and demons.
   It affects your dexterity (+9).
   It affects your resistance to hostile enchantments.
   It may make you go berserk in combat.
 w - a +0 quarterstaff of freezing
Missiles
 K - 6 curare-tipped needles
 P - 20 tomahawks
 U - 2 javelins (quivered)
Armour
 z - a +0 pair of boots (worn)
 F - a +2 pair of gloves (worn)
 J - a +0 helmet (worn)
 V - a +1 cloak (worn)
 Z - the +8 chain mail "Onwuotyi" (worn) {-Cast MR+ Str+7 Int+4}
   (You found it on level 8 of the Dungeon)

   It affects your strength (+7).
   It affects your intelligence (+4).
   It affects your resistance to hostile enchantments.
   It prevents spellcasting.
Jewellery
 G - a ring of protection from magic (right hand)
 I - a +4 ring of strength (left hand)
Wands
 c - a wand of flame (9)
 d - a wand of enslavement (40)
 y - a wand of acid (17)
 Q - a wand of iceblast (16)
 T - a wand of digging (33)
Scrolls
 i - 4 scrolls of fear
 k - 5 scrolls of teleportation
 n - a scroll of amnesia
 H - 3 scrolls of identify
 L - a scroll of remove curse
 S - a scroll of enchant weapon
Potions
 f - a potion of mutation
 h - 3 potions of ambrosia
 j - 4 potions of might
 o - 5 potions of haste
 r - 6 potions of curing
 s - 2 potions of invisibility
 t - 2 potions of heal wounds
 D - 2 potions of resistance
 O - a potion of agility
 W - 2 potions of berserk rage
Books
 x - Hinupire's Handbook of Transmigration
   (You found it on level 6 of the Lair of Beasts)

   Spells                             Type                      Level
   a - Ignite Poison                  Fire/Transmutation/Poison    3
   b - Spider Form                    Transmutation/Poison         3
   c - Irradiate                      Conjuration/Transmutation    5
   d - Blade Hands                    Transmutation                5
 N - a book of Misfortune

   Spells                             Type                      Level
   a - Confusing Touch                Hexes                        1
   b - Confuse                        Hexes                        3
   c - Gell's Gravitas                Translocation                3
   d - Petrify                        Transmutation/Earth          4
   e - Metabolic Englaciation         Hexes/Ice                    5
   f - Yara's Violent Unravelling     Hexes/Transmutation          5
Miscellaneous
 g - a legendary deck of destruction
 u - a legendary deck of summoning
 A - an ornate deck of destruction
 B - a plain deck of escape {drawn: 4}
 C - an ornate deck of summoning
 M - an ornate deck of destruction {drawn: 8}
 X - an ornate deck of summoning {drawn: 6}
 Y - a legendary deck of summoning
Comestibles
 l - 10 meat rations
 m - 7 chunks of flesh
 v - 5 bread rations
 E - 9 royal jellies
 R - 7 fruits


   Skills:
 + Level 9.0 Fighting
 + Level 9.0 Short Blades
 + Level 8.6 Long Blades
 + Level 8.6 Axes
 + Level 8.6 Maces & Flails
 + Level 8.6 Polearms
 + Level 8.6 Staves
 + Level 8.6 Slings
 + Level 8.6 Bows
 + Level 8.6 Crossbows
 + Level 8.6 Throwing
 + Level 8.6 Armour
 + Level 9.8 Dodging
 + Level 9.0 Stealth
 + Level 8.6 Shields
 + Level 8.6 Unarmed Combat
 + Level 8.6 Spellcasting
 + Level 7.1 Conjurations
 + Level 7.1 Hexes
 + Level 7.1 Charms
 + Level 7.1 Summonings
 + Level 7.1 Necromancy
 + Level 7.1 Translocations
 + Level 7.1 Transmutations
 + Level 7.1 Fire Magic
 + Level 7.1 Ice Magic
 + Level 7.1 Air Magic
 + Level 7.1 Earth Magic
 + Level 7.1 Poison Magic
 + Level 9.4 Invocations
 + Level 10.7 Evocations


You had 13 spell levels left.
You knew the following spells:

 Your Spells              Type           Power        Failure   Level  Hunger
a - Dazzling Spray        Conj/Hex       ####..       6%          3    #......
b - Conjure Flame         Conj/Fire      ####....     6%          3    #......
c - Shroud of Golubria    Chrm/Tloc      ####......   3%          2    None
d - Confuse               Hex            ####....     6%          3    #......
e - Song of Slaying       Chrm           ####....     3%          2    None
f - Ignite Poison         Fire/Tmut/Pois ####....     6%          3    #......


Dungeon Overview and Level Annotations

Branches:
Dungeon (11/15)            Temple (1/1) D:4            Lair (6/6) D:11
  Swamp (0/4) Lair:2        Snake (0/4) Lair:4        Slime (0/5) Lair:5
    Orc (2/2) D:10            Elf (0/3) Orc:2

Altars:
Ashenzari
Cheibriados
Dithmenos
Elyvilon
Fedhas
Gozag
Hepliaklqana
Kikubaaqudgha
Makhleb
Nemelex Xobeh
Okawaru
Qazlal
Ru
Sif Muna
Trog
Uskayaw
Vehumet
Wu Jian
Xom
Yredelemnul
Zin
The Shining One

Shops:
D:7 *   D:9 (

Portals:
Hell: Lair:6

Annotations:
D:10 Sonja
D:11 4 runed doors


Innate Abilities, Weirdness & Mutations

Your experience applies equally to all skills.
You have very sharp teeth.
Your uncanny sense of smell can sniff out nearby items.


Message History

a - the Cloud
b - the Cloud
c - the Shaft Clouds appear around you!
The ettin hits you with a dire flail!
* * * LOW HITPOINT WARNING * * *
The ettin closely misses you. The troll closely misses you.
The troll claws you but does no damage. The troll completely misses you.
The soul eater draws from the surrounding life force!
* * * LOW HITPOINT WARNING * * *
Your yaktaur dies!
Your yaktaur's corpse disappears in a puff of smoke!
Your faun is heavily wounded.
The soul eater is healed.
Your faun hits the soul eater but does no damage.
The troll is engulfed in poison gas.
The troll is poisoned.
The troll looks more healthy.
There is a stone staircase leading up here.
Magic restored.
The ettin hits you with a dire flail!!
You die...
Your body glows with a rainbow of weird colours and disappears.

.....#...##### ###....^........
..........##.## ##...............
..#......).R..###..........#..)..
..#.#.###.##.##.##...(...........
...... #.........##..[.(.....).).
...... #......#.##...............
...... ##.#...T##.#..............
##.. #####..C)..)[..(.........
##...@.#..............
#..........((.........
....#.....#..().#........
#.......###.)............
#.#.....# ##.........#...
#.....#.## ##.....#......
##....### #....##....... ###..
##.........#.. ## ###..........


You could see an ettin, a troll and a friendly rakshasa.

Vanquished Creatures
  Snorg (D:11)
  Erolcha (D:11)
  Fannar (D:11)
  3 hydras
  A two-headed ogre (D:9)
  An unseen horror (D:11)
  An orc knight (Orc:2)
  2 ugly things
  An orc sorcerer (Orc:2)
  A manticore (D:11)
  An elephant (Lair:6)
  2 cyclopes
  2 black mambas (Lair:6)
  A centaur zombie (D:11)
  Psyche (D:8)
  9 spiny frogs
  2 rime drakes
  3 komodo dragons
  A merfolk (D:11)
  2 trolls
  A polar bear (Lair:4)
  A blink frog (Lair:4)
  The ghost of p0werm0de the Insei, an amateur OpAM (D:5)
  2 hippogriffs (Lair:2)
  A vampire (D:10)
  3 wyverns
  28 yaks
  A hungry ghost (D:11)
  2 basilisks
  2 wargs
  A soldier ant (D:11)
  A naga (Lair:4)
  15 water moccasins
  4 porcupines
  2 phantoms (D:9)
  2 ice beasts
  5 orc warriors
  5 sky beasts
  A black bear (D:4)
  3 ogres
  A necrophage (D:11)
  5 wolves
  5 centaurs
  7 crocodiles
  The ghost of Aviak the Sneak, an amateur OpEn (D:3)
  A big kobold (D:9)
  11 bullfrogs
  4 scorpions
  11 killer bees
  4 wights (D:10)
  2 electric eels (Lair:4)
  5 hounds
  2 jellies
  A gnoll shaman (D:7)
  10 orc priests
  Crazy Yiuf (D:7)
  A bullfrog skeleton (D:8)
  2 centaur skeletons
  An iguana (D:10)
  5 orc wizards
  7 worker ants
  A hound skeleton (D:4)
  The ghost of 4thArraOfDagon the Firebug, a weakling DEFE (D:4)
  5 gnolls
  9 adders
  An adder zombie (D:9)
  An adder skeleton (D:7)
  2 worms
  4 dart slugs
  5 leopard geckos
  21 orcs
  2 giant cockroaches
  5 goblins
  7 hobgoblins
  11 jackals
  4 quokkas
  3 ball pythons
  5 bats
  6 frilled lizards
  A giant cockroach zombie (D:6)
  10 kobolds
  4 rats
  2 fungi
315 creatures vanquished.

Vanquished Creatures (collateral kills)
  An orc warlord (Orc:1)
  A dire elephant (Lair:6)
  2 hydras (Lair:6)
  A sixfirhy (Lair:6)
  A wizard (Lair:6)
  Joseph (D:8)
  A black mamba (Lair:2)
  A smoke demon (Lair:6)
  2 orange demons (Lair:6)
  A spiny frog (Lair:6)
  3 rime drakes
  4 ice devils (Lair:6)
  A komodo dragon (Lair:1)
  A troll (Orc:2)
  8 blink frogs
  A hippogriff (Lair:6)
  5 dream sheep (Lair:6)
  18 yaks
  A naga (Lair:4)
  Edmund (D:6)
  4 water moccasins
  7 orc warriors
  3 hell hounds (Lair:6)
  An ice beast (D:6)
  A centaur (D:6)
  A necrophage (D:9)
  A wolf (Lair:4)
  7 ogres
  A crocodile (Lair:6)
  3 wights (D:6)
  4 orc priests
  A hound (D:9)
  A jelly (Lair:5)
  2 orc wizards
  A worker ant (D:9)
  A worker ant zombie (D:9)
  2 adders
  4 gnolls
  19 orcs
  2 kobolds
121 creatures vanquished.

Vanquished Creatures (others)
  2 orc warriors
  A big kobold (D:7)
  2 orc priests
  A hound (D:4)
  An orc wizard (D:10)
  2 gnolls (D:7)
  A ball lightning (D:5)
  8 orcs
  A goblin (D:3)
  4 kobolds (D:7)
  5 fungi
  6 plants
34 creatures vanquished.

Grand Total: 470 creatures vanquished

Notes
Turn   | Place    | Note
-------+----------+-------------------------------------------
     0 | D:1      | Roak the Gnoll Artificer began the quest for the Orb.
     0 | D:1      | Reached XP level 1. HP: 17/17 MP: 4/4
   247 | D:1      | Reached XP level 2. HP: 23/23 MP: 6/6
   347 | D:1      | Reached XP level 3. HP: 28/28 MP: 7/7
   427 | D:1      | Found a sparkling altar of Nemelex Xobeh.
   433 | D:1      | Became a worshipper of Nemelex Xobeh the Trickster
   543 | D:1      | Received a gift from Nemelex Xobeh
   728 | D:1      | Found a bloodstained altar of Trog.
   942 | D:2      | Found a basalt altar of Yredelemnul.
   945 | D:2      | Found a snail-covered altar of Cheibriados.
   948 | D:2      | Found a stormy altar of Qazlal.
  1032 | D:2      | Reached skill level 1 in Invocations
  1191 | D:2      | Reached skill level 1 in Long Blades
  1191 | D:2      | Reached skill level 1 in Axes
  1191 | D:2      | Reached skill level 1 in Maces & Flails
  1191 | D:2      | Reached skill level 1 in Polearms
  1191 | D:2      | Reached skill level 1 in Staves
  1191 | D:2      | Reached skill level 1 in Slings
  1191 | D:2      | Reached skill level 1 in Bows
  1191 | D:2      | Reached skill level 1 in Crossbows
  1191 | D:2      | Reached skill level 1 in Throwing
  1191 | D:2      | Reached skill level 1 in Armour
  1191 | D:2      | Reached skill level 1 in Shields
  1191 | D:2      | Reached skill level 1 in Unarmed Combat
  1191 | D:2      | Reached skill level 1 in Spellcasting
  1191 | D:2      | Reached XP level 4. HP: 25/34 MP: 8/8
  1363 | D:2      | Reached * piety under Nemelex Xobeh
  1628 | D:3      | Found a hazy altar of Hepliaklqana.
  1632 | D:3      | Received a gift from Nemelex Xobeh
  1636 | D:3      | Noticed Aviak's ghost (amateur OpEn)
  1653 | D:3      | Killed Aviak's ghost
  1653 | D:3      | Reached skill level 1 in Conjurations
  1653 | D:3      | Reached skill level 1 in Hexes
  1653 | D:3      | Reached skill level 1 in Charms
  1653 | D:3      | Reached skill level 1 in Summonings
  1653 | D:3      | Reached skill level 1 in Necromancy
  1653 | D:3      | Reached skill level 1 in Translocations
  1653 | D:3      | Reached skill level 1 in Transmutations
  1653 | D:3      | Reached skill level 1 in Fire Magic
  1653 | D:3      | Reached skill level 1 in Ice Magic
  1653 | D:3      | Reached skill level 1 in Air Magic
  1653 | D:3      | Reached skill level 1 in Earth Magic
  1653 | D:3      | Reached skill level 1 in Poison Magic
  1653 | D:3      | Reached XP level 5. HP: 40/40 MP: 8/10
  1714 | D:3      | Found a sacrificial altar of Ru.
  2480 | D:4      | Reached XP level 6. HP: 42/47 MP: 11/11
  2752 | D:4      | Found an ornate altar of the Wu Jian Council.
  2767 | D:4      | Reached skill level 5 in Dodging
  2778 | D:4      | Noticed 4thArraOfDagon's ghost (weakling DEFE)
  2787 | D:4      | Reached XP level 7. HP: 31/52 MP: 12/12
  3107 | D:3      | Reached skill level 7 in Evocations
  3275 | D:4      | Killed 4thArraOfDagon's ghost
  3493 | D:4      | Reached ** piety under Nemelex Xobeh
  3713 | D:4      | Received a gift from Nemelex Xobeh
  3718 | D:4      | Found a staircase to the Ecumenical Temple.
  3775 | Temple   | Entered the Ecumenical Temple
  3835 | Temple   | Received a gift from Nemelex Xobeh
  4301 | D:5      | Entered Level 5 of the Dungeon
  4351 | D:5      | Found an iron altar of Okawaru.
  4420 | D:5      | Noticed p0werm0de's ghost (amateur OpAM)
  4448 | D:5      | Killed p0werm0de's ghost
  4448 | D:5      | Reached XP level 8. HP: 48/60 MP: 13/13
  4462 | D:5      | Reached *** piety under Nemelex Xobeh
  4504 | D:5      | Received a gift from Nemelex Xobeh
  4574 | D:5      | Found a blossoming altar of Fedhas.
  4670 | D:5      | Found a bloodstained altar of Trog.
  5116 | D:6      | Noticed Edmund
  5126 | D:6      | Killed Edmund
  5326 | D:6      | Noticed a wyvern
  5388 | D:6      | Noticed an orange demon
  5412 | D:6      | Reached XP level 9. HP: 54/66 MP: 14/14
  5472 | D:7      | Found Wihauphe's Assorted Antiques.
  5621 | D:7      | Bought a scroll of remove curse for 81 gold pieces
  5718 | D:7      | HP: 3/66 [card of wild magic (49)]
  6069 | D:7      | Reached **** piety under Nemelex Xobeh
  6453 | D:7      | Found a shadowy altar of Dithmenos.
  6543 | D:7      | Found a runed door.
  6558 | D:7      | Noticed Crazy Yiuf
  6590 | D:7      | Killed Crazy Yiuf
  6752 | D:8      | Noticed Psyche
  6763 | D:8      | Killed Psyche
  6763 | D:8      | Reached skill level 5 in Fighting
  6763 | D:8      | Reached skill level 5 in Short Blades
  6851 | D:8      | Reached skill level 5 in Stealth
  6907 | D:8      | Reached skill level 8 in Evocations
  6989 | D:8      | Noticed Joseph
  7002 | D:8      | Killed Joseph
  7002 | D:8      | Reached skill level 5 in Invocations
  7018 | D:8      | Got a heavily runed chain mail
  7454 | D:9      | Reached XP level 10. HP: 74/74 MP: 17/17
  7488 | D:9      | Reached skill level 5 in Long Blades
  7488 | D:9      | Reached skill level 5 in Axes
  7488 | D:9      | Reached skill level 5 in Maces & Flails
  7488 | D:9      | Reached skill level 5 in Polearms
  7488 | D:9      | Reached skill level 5 in Staves
  7488 | D:9      | Reached skill level 5 in Slings
  7488 | D:9      | Reached skill level 5 in Bows
  7488 | D:9      | Reached skill level 5 in Crossbows
  7488 | D:9      | Reached skill level 5 in Throwing
  7488 | D:9      | Reached skill level 5 in Armour
  7488 | D:9      | Reached skill level 5 in Shields
  7488 | D:9      | Reached skill level 5 in Unarmed Combat
  7488 | D:9      | Reached skill level 5 in Spellcasting
  7712 | D:9      | Noticed a brown ugly thing
  7726 | D:9      | Killed a brown ugly thing
  7856 | D:9      | Learned a level 3 spell: Dazzling Spray
  7860 | D:9      | Learned a level 3 spell: Conjure Flame
  7953 | D:9      | Noticed a two-headed ogre
  7972 | D:9      | Killed a two-headed ogre
  7972 | D:9      | Reached XP level 11. HP: 30/82 MP: 19/19
  8245 | D:9      | Found Zicroup's Antique Weapon Shoppe.
  8282 | D:9      | Identified the +8 chain mail "Onwuotyi" {-Cast MR+ Str+7 Int+4} (You found it on level 8 of the Dungeon)
  8437 | D:10     | Entered Level 10 of the Dungeon
  8437 | D:10     | Found a staircase to the Orcish Mines.
  8567 | D:10     | Reached ***** piety under Nemelex Xobeh
  8833 | D:10     | Noticed Sonja
  9663 | D:11     | Noticed a cyclops
  9665 | D:11     | Noticed Fannar
  9667 | D:11     | Received a gift from Nemelex Xobeh
  9675 | D:11     | Killed Fannar
  9675 | D:11     | Reached skill level 5 in Conjurations
  9675 | D:11     | Reached skill level 5 in Hexes
  9675 | D:11     | Reached skill level 5 in Charms
  9675 | D:11     | Reached skill level 5 in Summonings
  9675 | D:11     | Reached skill level 5 in Necromancy
  9675 | D:11     | Reached skill level 5 in Translocations
  9675 | D:11     | Reached skill level 5 in Transmutations
  9675 | D:11     | Reached skill level 5 in Fire Magic
  9675 | D:11     | Reached skill level 5 in Ice Magic
  9675 | D:11     | Reached skill level 5 in Air Magic
  9675 | D:11     | Reached skill level 5 in Earth Magic
  9675 | D:11     | Reached skill level 5 in Poison Magic
  9675 | D:11     | Reached skill level 9 in Evocations
  9691 | D:11     | Killed a cyclops
  9800 | D:11     | Noticed a red ugly thing
  9842 | D:10     | Killed a red ugly thing
 10092 | Orc:1    | Entered Level 1 of the Orcish Mines
 10094 | Orc:1    | Noticed an orc warlord
 10602 | D:11     | Noticed a cyclops
 10602 | D:11     | Noticed a manticore
 10635 | D:10     | Killed a cyclops
 10828 | D:11     | Killed a manticore
 10875 | D:11     | Noticed Erolcha
 10904 | D:11     | Killed Erolcha
 11058 | D:11     | Found a huge runed gate.
 11356 | D:11     | Found a glowing golden altar of the Shining One.
 11357 | D:11     | Noticed Snorg
 11372 | D:11     | Killed Snorg
 11372 | D:11     | Reached XP level 12. HP: 59/91 MP: 20/22
 11382 | D:11     | Received a gift from Nemelex Xobeh
 11409 | D:11     | Found a staircase to the Lair.
 11815 | D:11     | Found a huge runed gate.
 11815 | D:11     | Found a huge runed gate.
 11816 | D:11     | Found a huge runed gate.
 11882 | Lair:1   | Entered Level 1 of the Lair of Beasts
 11887 | Lair:1   | Got a smoking war axe
 11918 | Lair:1   | Identified the +6 war axe of Ginoop Koyl {holy, *Rage MR+ Dex+9} (You found it on level 1 of the Lair of Beasts)
 12012 | Lair:1   | Learned a level 2 spell: Shroud of Golubria
 12274 | Lair:1   | Received a gift from Nemelex Xobeh
 12999 | Lair:1   | Received a gift from Nemelex Xobeh
 13188 | Lair:2   | Found a staircase to the Swamp.
 13217 | Lair:2   | Found a deep blue altar of Sif Muna.
 13687 | Lair:2   | Received a gift from Nemelex Xobeh
 14121 | Lair:3   | Reached ****** piety under Nemelex Xobeh
 14251 | Lair:3   | Received a gift from Nemelex Xobeh
 14418 | Lair:3   | Noticed a six-headed hydra
 14770 | Lair:3   | Killed a six-headed hydra
 14770 | Lair:3   | Reached skill level 10 in Evocations
 14828 | Lair:3   | Received a gift from Nemelex Xobeh
 15288 | Lair:4   | Reached XP level 13. HP: 63/98 MP: 24/24
 15971 | Lair:4   | Received a gift from Nemelex Xobeh
 15979 | Lair:4   | Found a staircase to the Snake Pit.
 16341 | Lair:4   | Got a warped ring mail
 16342 | Lair:4   | Identified a scroll of acquirement
 16438 | Lair:5   | Received a gift from Nemelex Xobeh
 16537 | Lair:5   | Got a scorched large shield
 16578 | Lair:5   | Found a staircase to the Slime Pits.
 16590 | Lair:5   | Received a gift from Nemelex Xobeh
 16622 | Lair:5   | Identified the cursed +1 ring mail of Onter {rElec MR+ Str+3 Dex-3} (You found it on level 4 of the Lair of Beasts)
 17293 | Lair:6   | Entered Level 6 of the Lair of Beasts
 17388 | Lair:6   | Received a gift from Nemelex Xobeh
 17543 | Lair:6   | Learned a level 3 spell: Confuse
 18009 | Lair:6   | Noticed a dire elephant
 18041 | Lair:6   | Killed a dire elephant
 18259 | Lair:6   | Received a gift from Nemelex Xobeh
 18650 | Lair:6   | Found a burning altar of Makhleb.
 18939 | Lair:6   | Found a gateway to Hell.
 18946 | Lair:6   | Identified Hinupire's Handbook of Transmigration
 19268 | Lair:1   | Learned a level 2 spell: Song of Slaying
 19272 | Lair:1   | Learned a level 3 spell: Ignite Poison
 19370 | Orc:1    | Killed an orc warlord
 19660 | Orc:1    | Received a gift from Nemelex Xobeh
 19783 | Orc:2    | Entered Level 2 of the Orcish Mines
 20010 | Orc:2    | Found a staircase to the Elven Halls.
 20154 | Orc:2    | Noticed an ettin
 20186 | Orc:2    | Demolished by an ettin

Vault maps used:
D:1:      dpeg_arrival_lava_altar, st_stairs_14, minmay_misc_feat_x,
          nemelex_xobeh_ov_fountains_minmay
D:2:      grunt_temple_overflow_diamond
D:3:      lemuel_crystal_altar, nicolae_overflow_hidden_temple
D:4:      black_bear_nest_1, old_standard_altar, minmay_temple_entry_large_hall,
          first_bread
D:5:      lightli_temple_of_fire, kennysheep_okawaru_gauntlet, fedhas_altar_3
D:6:      uniq_edmund
D:7:      kennysheep_mini, serial_shops, shop, uniq_crazy_yiuf_cottage
D:8:      uniq_joseph, uniq_psyche
D:9:      cheibrodos_barr_body, serial_shops, shop
D:10:     orc_0_dummy, uniq_sonja
D:11:     lemuel_bear_cage, lair_entry_dummy, basic_altar, hangedman_fish_farm,
          uniq_erolcha, uniq_snorg, uniq_fannar
Temple:   minmay_temple_forest_path
Lair:2:   swamp_mist, basic_altar, grunt_megastairs_1, infiniplex_staircase_pool
Lair:4:   guppyfry_snake_entry_island, fungi_pond_lemuel, st_stairs_7,
          serial_bayou_shore_a
Lair:5:   nicolae_slime_entry_slimehenge
Lair:6:   evil_forest
Orc:1:    enter_bailey_8, serial_shops, shop, basic_altar, nicolae_orc_lava_room
Orc:2:    st_orc_open

Skill      XL: |  1  2  3  4  5  6  7  8  9 10 11 12 13 |
---------------+----------------------------------------+-----
Invocations    | 1 2 3 4 5 6 7 8 9 |  9.4
Long Blades    | 1 2 3 4 5 6 7 8 |  8.6
Axes           | 1 2 3 4 5 6 7 8 |  8.6
Maces & Flails | 1 2 3 4 5 6 7 8 |  8.6
Polearms       | 1 2 3 4 5 6 7 8 |  8.6
Staves         | 1 2 3 4 5 6 7 8 |  8.6
Slings         | 1 2 3 4 5 6 7 8 |  8.6
Bows           | 1 2 3 4 5 6 7 8 |  8.6
Crossbows      | 1 2 3 4 5 6 7 8 |  8.6
Throwing       | 1 2 3 4 5 6 7 8 |  8.6
Armour         | 1 2 3 4 5 6 7 8 |  8.6
Shields        | 1 2 3 4 5 6 7 8 |  8.6
Unarmed Combat | 1 2 3 4 5 6 7 8 |  8.6
Spellcasting   | 1 2 3 4 5 6 7 8 |  8.6
Conjurations   | 1 2 3 4 5 6 7 |  7.1
Hexes          | 1 2 3 4 5 6 7 |  7.1
Charms         | 1 2 3 4 5 6 7 |  7.1
Summonings     | 1 2 3 4 5 6 7 |  7.1
Necromancy     | 1 2 3 4 5 6 7 |  7.1
Translocations | 1 2 3 4 5 6 7 |  7.1
Transmutations | 1 2 3 4 5 6 7 |  7.1
Fire Magic     | 1 2 3 4 5 6 7 |  7.1
Ice Magic      | 1 2 3 4 5 6 7 |  7.1
Air Magic      | 1 2 3 4 5 6 7 |  7.1
Earth Magic    | 1 2 3 4 5 6 7 |  7.1
Poison Magic   | 1 2 3 4 5 6 7 |  7.1
Fighting       | 3 4 5 6 7 8 9 |  9.0
Short Blades   | 3 4 5 6 7 8 9 |  9.0
Stealth        | 3 4 5 6 7 8 9 |  9.0
Dodging        | 5 6 7 8 9 |  9.8
Evocations     | 7 8 9 10 | 10.7

Action                   |  1- 3 |  4- 6 |  7- 9 | 10-12 | 13-15 || total
-------------------------+-------+-------+-------+-------+-------++-------
Melee: Short sword       |    20 |       |       |       |       ||    20
       Bite              |     5 |     6 |    28 |   116 |    76 ||   231
       Spear             |    37 |    72 |   240 |   455 |   150 ||   954
       Punch             |       |     1 |     5 |    21 |    11 ||    38
       Mace              |       |       |    13 |       |       ||    13
       Flail             |       |       |    10 |    25 |       ||    35
       Trident           |       |       |       |    18 |    21 ||    39
       Quarterstaff      |       |       |       |   123 |   176 ||   299
 Fire: Blowgun           |       |       |       |    37 |       ||    37
Throw: Tomahawk          |       |       |     5 |    52 |     1 ||    58
       Javelin           |       |       |       |       |    10 ||    10
Invok: Triple Draw       |       |       |       |       |     1 ||     1
Evoke: Deck              |     3 |    11 |    16 |    23 |    41 ||    94
       Wand              |       |       |     3 |    17 |     2 ||    22
  Use: Scroll            |       |     8 |     9 |    11 |     5 ||    33
       Potion            |       |       |       |     1 |       ||     1
 Stab: Sleeping          |     2 |     4 |     6 |       |       ||    12
       Distracted        |       |     1 |     1 |     2 |     8 ||    12
       Petrified         |       |       |       |       |     4 ||     4
       Petrifying        |       |       |       |       |     1 ||     1
  Eat: Chunk             |     1 |     3 |    12 |    16 |     9 ||    41
       Bread ration      |       |     1 |       |     3 |     1 ||     5
Armor: Leather armour    |     9 |     8 |       |       |       ||    17
       Ring mail         |       |     2 |    52 |    18 |       ||    72
       Chain mail        |       |       |       |   252 |   112 ||   364
Dodge: Dodged            |    23 |    33 |   148 |   357 |   186 ||   747
Block: Shield            |       |       |     2 |       |       ||     2

Table legend:
 A = Spawn XP
 B = Non-spawn XP
 C = Spawn XP percentage of total XP
 D = Spawn monster count
 E = Non-spawn monster count
 F = Spawn count percentage of total count
 G = Total turns spent on level
                    A         B        C        D         E        F      G
               +---------+---------+-------+---------+---------+-------+---------
         Total |       0 |   53554 |   0.0 |       0 |     456 |   0.0 | 20186
               +---------+---------+-------+---------+---------+-------+---------
           D:1 |       0 |      47 |   0.0 |       0 |      20 |   0.0 |   738
           D:2 |       0 |      39 |   0.0 |       0 |      11 |   0.0 |   697
           D:3 |       0 |     279 |   0.0 |       0 |      29 |   0.0 |  1468
           D:4 |       0 |     718 |   0.0 |       0 |      21 |   0.0 |  1044
           D:5 |       0 |     391 |   0.0 |       0 |      12 |   0.0 |   693
           D:6 |       0 |     945 |   0.0 |       0 |      23 |   0.0 |   717
           D:7 |       0 |     682 |   0.0 |       0 |      33 |   0.0 |  1041
           D:8 |       0 |    1296 |   0.0 |       0 |      13 |   0.0 |   621
           D:9 |       0 |    5179 |   0.0 |       0 |      48 |   0.0 |  1064
          D:10 |       0 |    3268 |   0.0 |       0 |      29 |   0.0 |  2236
          D:11 |       0 |    7207 |   0.0 |       0 |      22 |   0.0 |  1278
        Lair:1 |       0 |    1562 |   0.0 |       0 |       7 |   0.0 |  1223
        Lair:2 |       0 |    3752 |   0.0 |       0 |      18 |   0.0 |   985
        Lair:3 |       0 |    4943 |   0.0 |       0 |      25 |   0.0 |  1176
        Lair:4 |       0 |    4048 |   0.0 |       0 |      29 |   0.0 |  1238
        Lair:5 |       0 |    1930 |   0.0 |       0 |      12 |   0.0 |   892
        Lair:6 |       0 |   12912 |   0.0 |       0 |      53 |   0.0 |  1880
         Orc:1 |       0 |    1331 |   0.0 |       0 |      10 |   0.0 |   438
         Orc:2 |       0 |    3025 |   0.0 |       0 |      41 |   0.0 |   403
               +---------+---------+-------+---------+---------+-------+---------
